 Dungeon Crawl Stone Soup version 0.30.1-3-gfc49f6343a (webtiles) character file.

Game seed: 9209777139516694516

12356 spardeous the Thaumaturge (level 11, -2/89 HPs)
             Began as a Demigod Conjurer on July 29, 2023.
             Shot with an arrow by a tengu warrior (21 damage)
             ... on level 10 of the Dungeon.
             The game lasted 00:27:16 (12271 turns).

spardeous the Thaumaturge (Demigod Conjurer)       Turns: 12271, Time: 00:27:16

Health: -2/89      AC:  7    Str:  8    XL:     11   Next: 35%
Magic:  0/38       EV: 11    Int: 32    God:
Gold:   620        SH:  0    Dex: 12    Spells: 23/30 levels left

rFire   + . .        Y - +4 war axe (vamp)
rCold   + + .        (no shield)
rNeg    . . .        P - +2 leather armour {Will+}
rPois   .            u - +0 helmet
rElec   .            C - scarf {rC+ rF+}
rCorr   .            (no gloves)
SInv    .            W - +0 pair of boots
Will    ++...        j - amulet of regeneration
Stlth   ++           U - ring of magical power
HPRegen 1.14/turn    c - ring of protection from cold
MPRegen 0.26/turn

%: no passive effects
@: no status effects
A: high MP 1, forlorn, divine attributes
a: no special abilities


You were on level 10 of the Dungeon.
You visited 1 branch of the dungeon, and saw 10 of its levels.
You also visited: Bailey.

You collected 620 gold pieces.

Inventory:

Hand Weapons
 Y - a +4 vampiric war axe (weapon)
Armour
 u - a +0 helmet (worn)
 w - a +0 buckler
 C - a scarf of resistance (worn)
 P - a +2 leather armour of willpower (worn)
 W - a +0 pair of boots (worn)
 Z - +0 steam dragon scales
Jewellery
 c - a ring of protection from cold (right hand)
 j - an amulet of regeneration (around neck)
 k - a +5 ring of evasion
 r - a ring of see invisible
 B - a ring of resist corrosion
 K - a ring of wizardry
 M - a ring of poison resistance
 U - a ring of magical power (left hand)
Wands
 f - a wand of flame (14)
 s - a wand of mindburst (19)
 t - a wand of light (7)
 x - a wand of charming (25)
 L - a wand of roots (8)
Scrolls
 g - 6 scrolls of enchant armour
 h - 6 scrolls of teleportation {unknown}
 l - 2 scrolls of vulnerability {unknown}
 m - 2 scrolls of poison {unknown}
 n - 2 scrolls of amnesia {unknown}
 p - 7 scrolls of identify
 y - a scroll of brand weapon {unknown}
 D - 2 scrolls of magic mapping {unknown}
 E - a scroll of fog {unknown}
 G - 2 scrolls of acquirement {unknown}
 N - 2 scrolls of enchant weapon {unknown}
 R - 2 scrolls of fear {unknown}
 S - a scroll of noise {unknown}
 T - 2 scrolls of blinking {unknown}
 V - a scroll of torment {unknown}
Potions
 a - 2 potions of flight {unknown}
 b - 4 potions of magic
 d - 2 potions of might {unknown}
 e - 8 potions of brilliance
 o - a potion of attraction {unknown}
 q - 2 potions of cancellation {unknown}
 z - 2 potions of berserk rage {unknown}
 A - 2 potions of degeneration {unknown}
 F - 2 potions of mutation {unknown}
 I - a potion of curing
 J - 2 potions of haste {unknown}
 O - a potion of lignification {unknown}


   Skills:
 - Level 6.3 Fighting
 - Level 1.7 Dodging
 - Level 1.7 Stealth
 - Level 10.1 Spellcasting
 + Level 9.5 Conjurations
 + Level 8.0 Translocations


You had 23 spell levels left.
You knew the following spells:

 Your Spells              Type           Power      Damage    Failure   Level
a - Magic Dart            Conj           100%       1d8       1%          1
b - Searing Ray           Conj           100%       2d8       1%          2
c - Iskenderun's Mystic   Conj/Tloc      64%        2d13      1%          4

Your spell library contained the following spells:

 Spells                   Type           Power      Damage    Failure   Level
 Blink                    Tloc           100%       N/A       1%          2
 Dazzling Flash           Conj/Hex       92%        N/A       1%          3
 Manifold Assault         Tloc           61%        N/A       1%          4
 Volatile Blastmotes      Fire/Tloc      82%        2d16      2%          3
 Mephitic Cloud           Conj/Pois/Air  36%        N/A       3%          3
 Flame Wave               Conj/Fire      46%        2d12      6%          4
 Fulminant Prism          Conj/Hex       23%        3d12      6%          4
 Call Imp                 Summ           32%        N/A       7%          2
 Scorch                   Fire           32%        2d6       7%          2
 Frozen Ramparts          Ice            32%        1d5       13%         3
 Animate Armour           Summ/Erth      32%        N/A       41%         4
 Ice Form                 Ice/Tmut       16%        N/A       41%         4
 Summon Ice Beast         Ice/Summ       16%        N/A       41%         4
 Iron Shot                Conj/Erth      23%        9d5       67%         6
 Blade Hands              Tmut           8%         N/A       77%         5
 Lee's Rapid Deconstruct  Erth           8%         3d7*      77%         5
 Summon Cactus Giant      Summ           8%         N/A       100%        6
 Storm Form               Tmut/Air       8%         N/A       100%        7


Dungeon Overview and Level Annotations

Branches:
Dungeon (10/15)            Temple (0/1) D:5            Lair (0/5) D:8
 Bailey (visited)
    Orc: D:9-12

Shops:
D:1 [[!?[   D:6 :

Annotations:
D:3 3 runed translucent doors, jimmypage777's ghost, amateur HOFi
D:8 2 transporters
D:10 3 runed translucent doors


Innate Abilities, Weirdness & Mutations

You have an increased reservoir of magic. (+10% MP)
You shall have no god before yourself.
Your divine heritage dramatically boosts your attributes as you level up.


Message History

You take 17 damage, and have 23/89 hp.
Okay, then.
You feel much better. The cyan ugly thing claws you!
* * * LOW HITPOINT WARNING * * *
The cyan ugly thing shocks you!
* * * LOW HITPOINT WARNING * * *
You take 1 damage, and have 22/89 hp.
Unknown command.
As you read the scroll labelled ASILUUBL HOBUY, it crumbles to dust.
It is a scroll of identify.
g - 6 scrolls of enchant armour The cyan ugly thing claws you but does no damage.
You feel better. The cyan ugly thing claws you.
* * * LOW HITPOINT WARNING * * *
The cyan ugly thing shocks you!
* * * LOW HITPOINT WARNING * * *
The tengu warrior shoots an arrow.
The arrow closely misses you.
You take 12 damage, and have 11/89 hp.
Casting: Iskenderun's Mystic Blast (mildly dangerous; 1% risk of failure)
Confirm with . or Enter, or press ? or * to list all spells.
You erupt in a blast of force!
The mystic blast hits the tengu warrior.
The tengu warrior is lightly wounded.
The tengu warrior is knocked back by the mystic blast.
The mystic blast hits the cyan ugly thing!
The cyan ugly thing is almost dead.
The cyan ugly thing is knocked back by the mystic blast.
The cyan ugly thing slams into the rock wall!
You kill the cyan ugly thing!
Your Translocations skill increases to level 8!
You regained 2 hp, and now have 13/89 hp.
You now have 0/38 mp.
You feel better.
The tengu warrior shoots an arrow.
The arrow hits you!
* * * LOW HITPOINT WARNING * * *
The arrow freezes you.
* * * LOW HITPOINT WARNING * * *
You take 6 damage, and have 7/89 hp.
Okay, then.
You feel better.
The tengu warrior shoots an arrow.
The arrow hits you!!
You die...

#.............##.#
....#####Q.......#
..###............#
..#......####....#
.##...... ##...##
.#...###. #.Q..#
.#.. .. #†...# .#.
:. #....# .#
.."......#@.# ..
.}.#...#..# .
#...#..# #...#..#
...##..# .... ...#
...## ...# ...#


You could see a tengu warrior.

Vanquished Creatures
  2 two-headed ogres
  2 ugly things
  Joseph (D:7)
  A gargoyle (D:10)
  A troll (D:10)
  A meliai (shapeshifter) (D:10)
  Grinder (D:3)
  A hornet (D:9)
  7 spriggans (Bailey)
  14 yaks
  2 wyverns (D:8)
  2 basilisks (D:8)
  Menkaure (D:6)
  A steam dragon (Bailey)
  3 water moccasins
  Duvessa (D:6)
  An ice beast (D:4)
  2 orc warriors
  2 black bears
  3 centaurs
  9 ogres
  5 kobold brigands
  2 scorpions
  3 bullfrogs
  2 gnoll sergeants
  Dowan (D:6)
  The ghost of gdog the Covert, a weakling GnDe (D:4)
  12 killer bees
  12 howler monkeys
  11 hounds
  2 jellies (D:6)
  8 orc priests
  A gnoll bouda (D:6)
  3 iguanas
  2 sleepcaps
  6 orc wizards
  Robin (D:2)
  18 gnolls
  14 adders
  A shadow imp (D:8)
  A white imp (D:7)
  A worm (D:3)
  A dart slug (D:2)
  25 orcs
  8 ball pythons
  3 endoplasms
  6 giant cockroaches
  17 goblins
  7 hobgoblins
  5 jackals (D:3)
  2 quokkas (D:4)
  4 bats
  2 frilled lizards (D:1)
  27 kobolds
  7 rats
279 creatures vanquished.

Notes
Turn   | Place    | Note
-------+----------+-------------------------------------------
     0 | D:1      | spardeous the Demigod Conjurer began the quest for the Orb.
     0 | D:1      | Reached XP level 1. HP: 14/14 MP: 5/5
    12 | D:1      | Found Zopnuz's Antique Armour Boutique.
    80 | D:1      | Found Ugumueps's Distillery.
    90 | D:1      | Found Leig's Armour Shoppe.
   193 | D:1      | Found Hoclu's Magic Scroll Boutique.
   386 | D:1      | Reached XP level 2. HP: 20/20 MP: 5/7
   508 | D:1      | Found Xereopoorgh's Antique Armour Boutique.
  1050 | D:2      | Noticed Robin
  1179 | D:3      | Found a runed translucent gate.
  1179 | D:3      | Found a runed translucent gate.
  1179 | D:3      | Found a runed translucent gate.
  1332 | D:3      | Reached XP level 3. HP: 26/26 MP: 3/8
  1391 | D:3      | Noticed jimmypage777's ghost (amateur HOFi)
  1579 | D:3      | Reached skill level 5 in Conjurations
  1623 | D:3      | Learned a level 2 spell: Searing Ray
  1662 | D:3      | Reached skill level 2 in Spellcasting
  1662 | D:3      | Reached XP level 4. HP: 32/33 MP: 0/10
  1810 | D:3      | Reached skill level 3 in Spellcasting
  1958 | D:3      | Learned a level 4 spell: Iskenderun's Mystic Blast
  2102 | D:3      | Reached XP level 5. HP: 36/38 MP: 2/12
  2351 | D:3      | Noticed Grinder
  2355 | D:3      | Paralysed by Grinder for 2 turns
  2388 | D:3      | Paralysed by Grinder for 5 turns
  2408 | D:3      | Paralysed by Grinder for 3 turns
  2420 | D:3      | Paralysed by Grinder for 5 turns
  2427 | D:3      | Killed Grinder
  2428 | D:3      | Reached skill level 4 in Spellcasting
  2428 | D:3      | Reached XP level 6. HP: 45/45 MP: 1/15
  2782 | D:2      | Killed Robin
  2892 | D:2      | You fall into a shaft and drop 1 floor!
  3483 | D:4      | Reached XP level 7. HP: 50/50 MP: 9/17
  3580 | D:4      | Reached skill level 5 in Spellcasting
  3888 | D:4      | Found a runed translucent door.
  3889 | D:4      | Noticed gdog's ghost (weakling GnDe)
  3990 | D:4      | Killed gdog's ghost
  4614 | D:5      | Entered Level 5 of the Dungeon
  5069 | D:5      | Reached skill level 5 in Translocations
  5078 | D:5      | Reached XP level 8. HP: 47/57 MP: 8/20
  5203 | D:5      | Found a staircase to the Ecumenical Temple.
  5216 | D:5      | Reached skill level 6 in Spellcasting
  6046 | D:6      | Found Zesu's Book Boutique.
  6196 | D:6      | Reached skill level 7 in Spellcasting
  6315 | D:6      | Noticed Menkaure
  6320 | D:6      | Killed Menkaure
  6377 | D:6      | Noticed Duvessa
  7088 | D:6      | Noticed Dowan
  7145 | D:6      | Killed Duvessa
  7146 | D:6      | Reached XP level 9. HP: 48/62 MP: 17/24
  7152 | D:6      | Killed Dowan
  7582 | D:7      | Noticed Joseph
  7714 | D:7      | Killed Joseph
  7715 | D:7      | Reached skill level 8 in Spellcasting
  8314 | D:8      | Reached skill level 1 in Fighting
  8685 | D:8      | Reached XP level 10. HP: 77/77 MP: 3/27
  8763 | D:8      | Found a flagged portal.
  8775 | Bailey   | Entered a bailey
  8929 | Bailey   | Noticed a two-headed ogre
  8936 | Bailey   | Reached skill level 9 in Spellcasting
  8965 | Bailey   | Killed a two-headed ogre
  9441 | Bailey   | Reached skill level 5 in Fighting
  9600 | D:8      | Noticed a five-headed hydra
  9605 | D:8      | Noticed a manticore
  9605 | D:8      | Noticed a red ugly thing
  9606 | D:8      | Found a transporter.
  9613 | D:8      | Found a transporter.
  9638 | D:8      | Found a staircase to the Lair.
 10374 | D:9      | Noticed a two-headed ogre
 10383 | D:9      | Killed a two-headed ogre
 10615 | D:9      | Noticed a cyan ugly thing
 10626 | D:9      | Killed a cyan ugly thing
 10627 | D:9      | Reached XP level 11. HP: 89/89 MP: 15/29
 10660 | D:9      | Reached skill level 10 in Spellcasting
 11568 | D:10     | Entered Level 10 of the Dungeon
 11663 | D:10     | Found a runed translucent gate.
 11663 | D:10     | Found a runed translucent gate.
 11663 | D:10     | Found a runed translucent gate.
 12252 | D:10     | Noticed a tengu warrior
 12271 | D:10     | Shot with an arrow by a tengu warrior

Illustrated notes

Levels and vault maps discovered:
D:1:      ebering_hopf_link, layout_basic, serial_shops, nicolae_square_shop,
          nicolae_shop_real_fake_doors, shop, shop,
          nicolae_shop_tiny_real_fake_doors
D:2:      layout_rooms, chequers_serial_rivers_room_a, minmay_worlds_worst_comb,
          uniq_robin
D:3:      layout_basic, mainiacjoe_overflow_alcove_2, ebering_ghost_rock_garden,
          shapermc_ecumenical_altar_totnotflames, uniq_grinder
D:4:      layout_rooms, gammafunk_ghost_grave
D:5:      layout_rooms, minmay_temple_entry_glassed_door
D:6:      layout_basic, mainiacjoe_overflow_paths, serial_shops,
          nicolae_take_the_stairs, grunt_decor_arrowhead, serial_bayou_crossing,
          uniq_duvessa, uniq_menkaure
D:7:      layout_rooms, zin_scriptorium, mainiacjoe_overflow_big_doors,
          uniq_joseph
D:8:      gammafunk_sealed_arena, layout_cave_pods, marbit_many_paths,
          minmay_lair_entry_grove, enter_bailey_4, serial_column_ruins,
          column_ruins_hut, column_ruins_open_small, column_ruins_open_large,
          column_ruins_corridor_straight, minmay_misc_feat_ornament
D:9:      layout_rooms, nicolae_gozag_cash_rules_everything_around_me,
          nemelex_altar_shiori
D:10:     layout_basic, lemuel_tele_altar, gammafunk_ghost_cemetery,
          chequers_jeans, minmay_radiant

Skill      XL: |  1  2  3  4  5  6  7  8  9 10 11 |
---------------+----------------------------------+-----
Conjurations   | 4 5 6 8 9 |  9.5
Spellcasting   | 2 3 4 5 7 8 9 10 | 10.1
Translocations | 2 3 5 7 8 |  8.0
Fighting       | 3 5 6 |  6.3
Dodging        | |  1.7
Stealth        | |  1.7

Action                     |  1- 3 |  4- 6 |  7- 9 | 10-12 || total
---------------------------+-------+-------+-------+-------++-------
  Melee: Unarmed           |    19 |       |       |       ||    19
         Hand axe          |       |       |    12 |       ||    12
         Punch             |       |       |     1 |       ||     1
         War axe           |       |       |       |     5 ||     5
   Cast: Magic Dart        |    85 |    57 |   184 |     5 ||   331
         Searing Ray       |     1 |    18 |    49 |     3 ||    71
         Iskenderun's Myst |       |       |    34 |   109 ||   143
    Use: Potion            |       |     1 |       |     5 ||     6
         Scroll            |       |       |       |     1 ||     1
 Armour: Robe              |     1 |       |       |       ||     1
         Leather armour    |    30 |     7 |    29 |    17 ||    83
  Dodge: Dodged            |    50 |    22 |   137 |    50 ||   259
